 Dungeon Crawl Stone Soup version 0.29-a0-925-g0a7a3d12f8 (webtiles) character file.

Game seed: 17969512326527709951

2862 Malachi the Grappler (level 9, -3/88 HPs)
             Began as a Troll Transmuter on July 29, 2022.
             Was a Follower of Ashenzari.
             Slain by a hornet (7 damage)
             ... while paralysed by a hornet
             ... on level 7 of the Dungeon.
             The game lasted 00:10:41 (5189 turns).

Malachi the Grappler (Troll Transmuter)             Turns: 5189, Time: 00:10:42

Health: -3/88      AC: 10    Str: 20    XL:     9   Next: 47%
Magic:  9/9        EV:  1    Int: 13    God:    Ashenzari [*.....]
Gold:   1670       SH:  0    Dex: 10    Spells: 9/10 levels left

rFire   . . .      SeeInvis .     - Unarmed
rCold   . . .      Faith    .   p - orb {light}
rNeg    . . .      Spirit   .   z - +2 robe {Will+}
rPois   .          Reflect  .   (helmet restricted)
rElec   .          Harm     .   (no cloak)
rCorr   .          Rampage  .   (gloves unavailable)
Will    +....                   (boots unavailable)
Stlth   +.........              (no amulet)
HPRegen 1.04/turn               m - ring "Ruined With Me" {AC+4, Alch, Comp} (curse)
MPRegen 0.11/turn               a - ring of the Chained Seeker {EV+4, Fort, Cun} (curse)

@: paralysed, lethally poisoned (-3 -> -13), slowed, glowing
A: large, unfitting armour, claws 3, regeneration 1, shaggy fur 1, tough skin 1
a: Renounce Religion, Shatter the Chains


You were on level 7 of the Dungeon.
You worshipped Ashenzari.
Ashenzari was aware of your devotion.
You visited 2 branches of the dungeon, and saw 8 of its levels.
You also visited: Ossuary.

You collected 2313 gold pieces.
You spent 643 gold pieces at shops.

Inventory:

Armour
 p - an orb of light (worn)
 z - a +2 robe of willpower (worn)
Jewellery
 a - the cursed ring of the Chained Seeker (right claw) {EV+4, Fort, Cun}
   (You bought it in a shop on level 4 of the Dungeon)

   [ring of evasion]

   EV:        It affects your evasion (+4).
   It has a curse which improves the following skills: Fortitude: Armour and
   Shields.
   Cunning:   Dodging and Stealth.
 m - the cursed ring "Ruined With Me" (left claw) {AC+4, Alch, Comp}
   (You found it on level 2 of the Dungeon)

   [ring of protection]

   AC:        It affects your AC (+4).
   It has a curse which improves the following skills: Alchemy: Poison Magic and
   Transmutations.
   Companions: Summonings and Necromancy.
 v - a ring of ice
 y - a ring of protection from fire
 B - an amulet of magic regeneration
 C - a ring of protection from fire
Wands
 f - a wand of paralysis (9)
 o - a wand of roots (12)
 w - a wand of quicksilver (8)
 E - a wand of mindburst (19)
 G - a wand of flame (11)
Scrolls
 d - 5 scrolls of fear
 h - 7 scrolls of teleportation
 j - a scroll of magic mapping
 q - a scroll of noise
 t - a scroll of immolation
 u - 2 scrolls of butterflies
 x - a scroll of enchant weapon
 A - a scroll of vulnerability
Potions
 b - 3 potions of lignification
 c - 10 potions of curing
 e - 2 potions of resistance
 g - 5 potions of brilliance
 i - 6 potions of heal wounds
 k - a potion of haste
 l - a potion of degeneration
 n - a potion of berserk rage
 r - 3 potions of flight
 s - a potion of attraction
 D - a potion of might
 F - a potion of invisibility
 H - a potion of mutation


   Skills:
 + Level 5.1 Fighting
 - Level 1.5(2.2) Dodging
 - Level 12.0 Unarmed Combat
 - Level 1.2 Spellcasting
 - Level 1.3(2.0) Transmutations


You had 9 spell levels left.
You knew the following spells:

 Your Spells              Type           Power      Damage    Failure   Level
a - Beastly Appendage     Tmut           12%        N/A       12%         1

Your spell library contained the following spells:

 Spells                   Type           Power      Damage    Failure   Level
 Wereblood                Tmut           6%         N/A       19%         2
 Apportation              Tloc           0%         N/A       28%         1
 Spider Form              Tmut/Pois      3%         N/A       47%         3
 Ignite Poison            Fire/Tmut/Pois 2%         N/A       52%         3
 Call Canine Familiar     Summ           1%         N/A       63%         3
 Conjure Flame            Conj/Fire      0%         6-21      63%         3
 Gell's Gravitas          Tloc           0%         N/A       63%         3
 Portal Projectile        Hex/Tloc       0%         N/A       63%         3
 Teleport Other           Tloc           0%         N/A       63%         3
 Ice Form                 Ice/Tmut       3%         N/A       88%         4
 Leda's Liquefaction      Hex/Erth       0%         N/A       95%         4
 Sticky Flame             Conj/Fire      0%         2d3       95%         4
 Dispersal                Tloc           0%         N/A       100%        6


Dungeon Overview and Level Annotations

Branches:
Dungeon (7/15)             Temple (1/1) D:5         Ossuary (visited)

Altars:
Ashenzari
Elyvilon
Fedhas
Gozag
Hepliaklqana
Kikubaaqudgha
Makhleb
Nemelex Xobeh
Qazlal
Ru
Sif Muna
Trog
Uskayaw
Vehumet
Wu Jian
Xom
Yredelemnul
Zin
The Shining One

Shops:
D:2 [   D:4 =


Innate Abilities, Weirdness & Mutations

You are too large for most types of armour.
You have claws for hands.
Your natural rate of healing is unusually fast.
You are covered in fur. (AC +1)
You have tough skin. (AC +1)


Message History

There are monsters nearby!
There are monsters nearby!
An orc comes into view. It is wielding a +0 falchion.
The teleport trap disappears.
The wight disappears!
A hornet comes into view.
The hornet buzzes angrily.
The hornet barely misses you.
You scratch the hornet but do no damage.
The hornet stings you but does no damage.
The orc warrior unwields a +0 war axe.
The orc warrior wields a +0 arbalest.
The orc warrior shoots a bolt.
The bolt hits you!
You scratch the hornet.
The hornet is lightly wounded.
The hornet stings you!
You feel yourself slow down.
You scratch the hornet.
The hornet is moderately wounded.
The hornet stings you!
You feel as though you will be slow longer.
The orc warrior shoots a bolt.
The bolt misses you. The hornet barely misses you.
You mangle the hornet!!
The hornet is almost dead.
The hornet stings you!
You are poisoned.
You suddenly lose the ability to move!
The orc warrior shoots a bolt.
The bolt hits you! The hornet stings you!
* * * LOW HITPOINT WARNING * * *
You are more poisoned.
You feel as though you will be slow longer.
The orc priest begins to cast a cantrip, but forgets the words!
The orc warrior shoots a bolt.
The bolt hits you!
* * * LOW HITPOINT WARNING * * *
* * * LOW HITPOINT WARNING * * *
You feel very sick. The hornet barely misses you.
The orc priest looks braver for a moment.
The orc warrior shoots a bolt.
The bolt hits you.
* * * LOW HITPOINT WARNING * * *
The hornet stings you!
You die...

#.. #.# ### #.# ...
.o# ### #o# #.#
#o#####.# #.#
#.y.....# ## #.# #@#
#.####.####.# ##
#...........# .#
#.....#.....# .#
#...###.#...# .#
#.....#.#...#
.######†.#.#.#...#
.#.......#.#.#.....
...#######...##§###.


You could see a hornet, an orc warrior, an orc priest and an orc.

Vanquished Creatures
  Pikel (D:5)
  2 wraiths (Ossuary)
  3 water moccasins
  An orc warrior (D:6)
  An ogre (D:5)
  3 bullfrogs
  6 scorpions
  3 elf skeletons (D:7)
  9 wights
  A human zombie (D:7)
  3 hounds
  A jelly (D:5)
  Terence (D:2)
  3 iguanas
  6 adders
  A shadow imp (D:6)
  3 white imps
  2 ufetubi
  An adder zombie (Ossuary)
  A worm (D:3)
  2 dart slugs
  14 orcs
  6 endoplasms
  2 giant cockroaches
  7 hobgoblins
  3 jackals (D:1)
  4 kobolds
  3 quokkas
  7 ball pythons
  3 ball python skeletons (Ossuary)
  9 bats
  3 frilled lizards (D:1)
  5 goblins
  4 hobgoblin zombies (Ossuary)
  3 orc skeletons
  An orc zombie (Ossuary)
  A rat (D:1)
129 creatures vanquished.

Notes
Turn   | Place    | Note
-------+----------+-------------------------------------------
     0 | D:1      | Malachi the Troll Transmuter began the quest for the Orb.
     0 | D:1      | Reached XP level 1. HP: 18/18 MP: 1/1
   145 | D:1      | Reached XP level 2. HP: 26/26 MP: 2/2
   210 | D:1      | Reached skill level 4 in Unarmed Combat
   407 | D:1      | Reached XP level 3. HP: 32/32 MP: 3/3
   558 | D:1      | Found a faded altar of an unknown god.
  1032 | D:2      | Found Ifawkaz's Armour Emporium.
  1089 | D:2      | Noticed Terence
  1103 | D:2      | Killed Terence
  1104 | D:2      | Reached skill level 5 in Unarmed Combat
  1104 | D:2      | Reached XP level 4. HP: 37/40 MP: 4/4
  2009 | D:4      | Noticed a scorpion
  2036 | D:4      | Killed a scorpion
  2037 | D:4      | Reached skill level 6 in Unarmed Combat
  2037 | D:4      | Reached XP level 5. HP: 26/46 MP: 5/5
  2309 | D:4      | Found a glowing golden altar of the Shining One.
  2425 | D:4      | Found Owixtex's Jewellery Emporium.
  2810 | D:2      | Bought a +1 robe of willpower for 139 gold pieces
  2823 | D:2      | Identified 2 scrolls of acquirement
  2832 | D:2      | Acquired 1222 gold pieces
  2834 | D:2      | Acquired 742 gold pieces
  2937 | D:4      | Bought a +4 ring of evasion for 504 gold pieces
  3101 | D:5      | Entered Level 5 of the Dungeon
  3111 | D:5      | Noticed an ogre
  3113 | D:5      | Killed an ogre
  3114 | D:5      | Reached XP level 6. HP: 54/54 MP: 6/6
  3143 | D:5      | Noticed a water moccasin
  3149 | D:5      | Killed a water moccasin
  3150 | D:5      | Reached skill level 7 in Unarmed Combat
  3167 | D:5      | Noticed a water moccasin
  3249 | D:5      | Found a staircase to the Ecumenical Temple.
  3264 | Temple   | Entered the Ecumenical Temple
  3269 | Temple   | Became a worshipper of Ashenzari the Shackled
  3544 | D:5      | Reached skill level 8 in Unarmed Combat
  3544 | D:5      | Reached XP level 7. HP: 61/61 MP: 7/7
  3579 | D:5      | Noticed Pikel
  3806 | D:5      | Killed Pikel
  3807 | D:5      | Reached skill level 10 in Unarmed Combat
  3807 | D:5      | Reached XP level 8. HP: 56/68 MP: 8/8
  4072 | D:6      | Reached skill level 11 in Unarmed Combat
  4087 | D:6      | Found an ancient bone altar of Kikubaaqudgha.
  4092 | D:6      | Found a shimmering blue altar of Sif Muna.
  4094 | D:6      | Found a radiant altar of Vehumet.
  4099 | D:6      | Got Sif Muna's Compendium of Wanderlust
  4737 | D:7      | Reached skill level 12 in Unarmed Combat
  4737 | D:7      | Reached skill level 1 in Fighting
  4762 | D:7      | Reached XP level 9. HP: 79/79 MP: 9/9
  4807 | D:7      | Found a sand-covered staircase.
  4856 | Ossuary  | Entered an ossuary
  4903 | Ossuary  | Reached * piety under Ashenzari
  5160 | D:7      | Reached skill level 5 in Fighting
  5188 | D:7      | Paralysed by a hornet for 3 turns
  5189 | D:7      | HP: 4/88 [orc warrior/bolt (2)]
  5189 | D:7      | Slain by a hornet

Illustrated notes

Levels and vault maps discovered:
D:1:      minmay_arrival_floating_metal, layout_basic,
          ebering_ecumenical_altar_rust
D:2:      layout_rooms, serial_shops, nicolae_shop_competitors_out_of_business,
          uniq_terence
D:3:      minmay_spotlight, layout_basic, hangedman_decor_push,
          chequers_decorated_corner
D:4:      layout_basic, old_standard_altar, serial_shops, kennysheep_mini_moat
D:5:      layout_basic, minmay_temple_entry_junction, minmay_quadrilaterals,
          uniq_pikel
D:6:      layout_cave_pods, grunt_temple_overflow_magic_moments,
          corexii_checkpoint_b, grunt_decor_mini_mirrors
D:7:      layout_rooms, mainiacjoe_overflow_big_doors,
          nicolae_ossuary_entry_catacombs, serial_co_window_serial,
          co_window_cross_1, co_window_corner_a, co_window_paths_b,
          co_window_of_opportunity_a, co_window_paths_a,
          co_window_of_opportunity_a, co_window_paths_a, co_window_corner_cb,
          co_window_broadway_b, co_window_corner_b, co_window_2corner,
          co_window_2corner, uniq_maggie
Temple:   minmay_freezing_vapour_temple

Skill      XL: |  1  2  3  4  5  6  7  8  9 |
---------------+----------------------------+-----
Unarmed Combat | 4 5 6 8 10 12 | 12.0
Fighting       | 1 5 |  5.1
Dodging        | |  1.5
Spellcasting   | |  1.2
Transmutations | |  1.3

Action                   |  1- 3 |  4- 6 |  7- 9 || total
-------------------------+-------+-------+-------++-------
Melee: Unarmed           |    90 |    85 |   158 ||   333
       Punch             |     1 |       |       ||     1
       Kick              |       |       |     3 ||     3
 Cast: Beastly Appendage |       |     1 |     3 ||     4
Invok: Curse Item        |       |       |     2 ||     2
Evoke: Wand              |       |     2 |       ||     2
  Use: Scroll            |       |    13 |     2 ||    15
 Stab: Sleeping          |     1 |       |       ||     1
Armor: Robe              |    25 |    44 |    30 ||    99
Dodge: Dodged            |    47 |    52 |    67 ||   166

Table legend: (Time is in decaauts)
 A = Elapsed time spent in this place.
 B = Non-inter-level travel time spent in this place.
 C = Inter-level travel time spent in this place.
 D = Time resting spent in this place.
 E = Time spent auto-exploring this place.
 F = Levels seen in this place.
 G = Mean time per level.
                   A        B        C        D        E       F      G
               +--------+--------+--------+--------+--------+-----+--------+
         Total |   5156 |   4834 |    322 |    111 |   3802 |   9 |  572.9 |
       Dungeon |   4891 |   4569 |    322 |    111 |   3655 |   7 |  698.7 |
        Temple |     10 |     10 |      0 |      0 |      0 |   1 |   10.0 |
       Ossuary |    254 |    254 |      0 |      0 |    147 |   1 |  254.0 |
               +--------+--------+--------+--------+--------+-----+--------+

Top non-repeatable levels by time:
     D:4: 1095 daAuts
     D:1: 835 daAuts
     D:5: 814 daAuts
     D:6: 776 daAuts
     D:3: 646 daAuts
     D:2: 524 daAuts
 Ossuary: 254 daAuts
     D:7: 199 daAuts
  Temple: 10 daAuts
